 Dungeon Crawl Stone Soup version 0.29.0-11-gd7f09526c8 (webtiles) character file.

Game seed: 1420534144565868127

13 avis the Caller (level 2, 0/11 HPs)
             Began as a Felid Summoner on Sept 4, 2022.
             Succumbed to a kobold's poison
             ... on level 1 of the Dungeon.
             The game lasted 00:03:10 (450 turns).

avis the Caller (Felid Summoner)                     Turns: 450, Time: 00:03:10

Health: 0/11       AC:  1    Str:  4    XL:     2   Next: 24%
Magic:  4/6        EV: 17    Int: 16    God:
Gold:   13         SH:  0    Dex: 16    Spells: 5/6 levels left
                                        Lives:  0   Deaths: 0

rFire   . . .      SeeInvis +   (weapon unavailable)
rCold   . . .      Faith    .   (shield unavailable)
rNeg    . . .      Spirit   .   (body armour unavailable)
rPois   .          Reflect  .   (helmet unavailable)
rElec   .          Harm     .   (cloak unavailable)
rCorr   .          Rampage  .   (gloves unavailable)
Will    .....                   (boots unavailable)
Stlth   ++........              (no amulet)
HPRegen 0.03/turn               (no ring)
MPRegen 0.10/turn               (no ring)

@: lethally poisoned (0 -> -1), quick
A: very small, claws 1, fangs 3, see invisible, speed 1, shaggy fur 1, stealthy
paws, no weapons or thrown items, no armour, multi-lived
a: no special abilities


You were on level 1 of the Dungeon.
You visited 1 branch of the dungeon, and saw 1 of its levels.

You collected 13 gold pieces.

Inventory:

Scrolls
 b - a scroll of identify {unknown}
 c - a scroll of teleportation {unknown}
Potions
 a - a potion of magic


   Skills:
 - Level 2.6 Dodging
 - Level 2.6 Stealth
 * Level 2.5 Spellcasting
 + Level 4.2 Summonings


You had 5 spell levels left.
You knew the following spells:

 Your Spells              Type           Power      Damage    Failure   Level
a - Summon Small Mammal   Summ           60%        N/A       3%          1

Your spell library contained the following spells:

 Spells                   Type           Power      Damage    Failure   Level
 Call Imp                 Summ           15%        N/A       5%          2
 Call Canine Familiar     Summ           15%        N/A       11%         3
 Summon Guardian Golem    Hex/Summ       8%         N/A       26%         3
 Summon Lightning Spire   Summ/Air       8%         N/A       63%         4


Dungeon Overview and Level Annotations

Branches:
Dungeon (1/15)

Altars:


Innate Abilities, Weirdness & Mutations

You have sharp claws.
You have razor-sharp teeth.
You have supernaturally acute eyesight. (SInv)
You cover ground quickly. (Speed+)
You are covered in fur. (AC +1)
Your paws help you pounce on unaware monsters.
You are incapable of wielding weapons or throwing items.
You cannot wear armour.
You gain extra lives every three experience levels.


Message History

Confirm with . or Enter, or press ? or * to list all spells.
Casting: Summon Small Mammal (safe; 3% risk of failure)
Confirm with . or Enter, or press ? or * to list all spells.
The kobold barely misses you.
You scratch the kobold. You bite the kobold, but do no damage.
The kobold is heavily wounded.
The kobold hits you with a +0 dagger of venom.
You are lethally poisoned!
Your quokka bites the kobold but does no damage.
Your rat barely misses the kobold.
You feel sick.
The kobold throws a stone.
The stone closely misses your quokka. The stone barely misses you.
Your quokka barely misses the kobold.
You feel sick.
Your rat barely misses the kobold.
Your quokka bites the kobold.
A goblin comes into view. It is wielding a +0 club.
The kobold hits your quokka with a +0 dagger of venom.
Your quokka is poisoned.
You feel sick.
Your rat closely misses the kobold.
Your quokka bites the kobold.
The kobold dies!
What are your orders? t - Meow!
Orders for allies: a - Attack new target. r - Retreat! s - Stop attacking. g - Guard the area. f - Follow me.
Anything else - Cancel.
Gang up on whom?
Press: ? - help, Dir - move target, f - goblin
Aim: a goblin, wielding a +0 club (ally target) Attack!
* * * LOW HITPOINT WARNING * * *
You feel sick.
Your rat bites the goblin.
* * * LOW HITPOINT WARNING * * *
You feel sick.
Your quokka bites the goblin.
The goblin dies!
You swap places.
* * * LOW HITPOINT WARNING * * *
You feel sick.
There is a lethal amount of poison in your body!
Okay, then.
You die...

#..# #####... #..# #..)
#..# #... #..# .#
########... ######..# .#
........... ........##.#
########.#. #.)#.#######
##.#.
########rr........####....
....[....@................
########.).######.####...#
##.#######.#####.##
#.......#.........
######.#........##
##.######### ###


You could see a friendly quokka (summoned, very poisoned) and a friendly rat
(summoned).

Vanquished Creatures
  A hobgoblin (D:1)
1 creature vanquished.

Vanquished Creatures (collateral kills)
  An endoplasm (D:1)
  A giant cockroach (D:1)
  3 goblins (D:1)
  2 hobgoblins (D:1)
  A kobold (D:1)
  A rat (D:1)
9 creatures vanquished.

Grand Total: 10 creatures vanquished

Notes
Turn   | Place    | Note
-------+----------+-------------------------------------------
     0 | D:1      | avis the Felid Summoner began the quest for the Orb.
     0 | D:1      | Reached XP level 1. HP: 7/7 MP: 4/4
   387 | D:1      | Reached XP level 2. HP: 11/11 MP: 3/6
   450 | D:1      | Succumbed to a kobold's poison

Illustrated notes

Levels and vault maps discovered:
D:1:      matt_arrival_grand_opening, layout_loops_ring,
          ebering_ecumenical_altar_mist

Action                   || total
-------------------------++-------
Melee: Unarmed           ||     7
       Bite              ||     2
 Cast: Summon Small Mamm ||    19
Dodge: Dodged            ||     6
